 Dungeon Crawl Stone Soup version 0.14-a0-1837-g7fb8695 (webtiles) character file.

1530 M4edhros the Sneak (level 8, -5/43 (46) HPs)
             Began as an Octopode Monk on Jan 11, 2014.
             Was an Elder of Fedhas.
             Slain by a centaur (8 damage)
             ... on Level 7 of the Dungeon.
             The game lasted 00:13:47 (5705 turns).

M4edhros the Sneak (Octopode Monk)                  Turns: 5705, Time: 00:13:48

HP  -5/43 (46)   AC  3     Str 12      XL: 8   Next: 42%
MP  16/16        EV 15     Int 15      God: Fedhas [****..]
Gold 347         SH  9     Dex 14      Spells:  0 memorised,  7 levels left

rFire  . . .     SeeInvis .       - Unarmed
rCold  . . .     Clarity  +     F - +2 buckler
rNeg   . . .     Conserve .     (helmet restricted)
rPois  .         rCorr    .     E - amulet of the gourmand
rElec  .         rRot     .     z - +1 ring of evasion
SustAb . .       Spirit   .     (no ring)
rMut   .         Warding  .     (no ring)
Gourm  +         Stasis   .     (no ring)
                                (no ring)
                                (no ring)
                                (no ring)
                                (no ring)

@: slightly resistant to hostile enchantments, extremely stealthy
A: almost no armour, amphibious, 8 rings, constrict 8, thin metallic scales 1,
camouflage 1, clarity, deformed body, fast metabolism 1, frail 1, strong 1,
gelatinous body 1
a: Evolution, Sunlight, Growth, Reproduction, Renounce Religion


You were on level 7 of the Dungeon.
You worshipped Fedhas.
Fedhas was greatly pleased with you.
You were very hungry.

You visited 1 branch of the dungeon, and saw 7 of its levels.

You collected 347 gold pieces.

Inventory:

Hand weapons
 y - a +0 orcish blowgun
Missiles
 u - 2 silver javelins (quivered)
 A - 2 curare-tipped needles
Armour
 F - a +2 buckler (worn)
Magical devices
 p - a wand of cold (11)
Comestibles
 b - 5 bread rations
 c - 2 chokos
 d - a sausage
 n - 2 meat rations
 s - a lemon
 v - a pear
 x - an apricot
 C - 2 cheeses
Scrolls
 a - 2 scrolls of magic mapping
 i - a scroll of blinking
 j - 3 scrolls of enchant weapon II
 q - a scroll of enchant armour
 w - 3 scrolls of remove curse
 B - a scroll of enchant weapon I
Jewellery
 k - an uncursed ring of teleportation
 l - an uncursed amulet of stasis
 r - an uncursed amulet of rage
 t - an uncursed amulet of warding
 z - a +1 ring of evasion (left tentacle)
 E - an amulet of the gourmand (around mantle)
Potions
 e - a potion of cure mutation
 f - a potion of invisibility
 g - 4 potions of curing
 m - a potion of might
 o - 2 potions of heal wounds
 D - a potion of restore abilities
Magical staves
 h - an uncursed staff of cold


   Skills:
 - Level 3.0 Fighting
 + Level 5.4 Dodging
 + Level 7.6 Stealth
 + Level 6.0 Unarmed Combat
 * Level 5.7 Invocations


You had 7 spell levels left.
You didn't know any spells.

Dungeon Overview and Level Annotations

Branches:
Dungeon (7/16)             Temple (0/1) D:7

Altars:
Fedhas
Kikubaaqudgha
Yredelemnul


Innate Abilities, Weirdness & Mutations

You cannot wear most types of armour.
You are amphibious.
You can wear up to eight rings at the same time.
You can use your tentacles to constrict many enemies at once.
Your skin changes colour to match your surroundings (Stlth).
Your rubbery body absorbs attacks (AC +1).
You are partially covered in thin metallic scales (AC +2).
You possess an exceptional clarity of mind.
Your body is misshapen.
You have a fast metabolism.
You are frail (-10% HP).
Your muscles are strong. (Str +2)


Message History

The crimson imp is moderately wounded.
You constrict the crimson imp. The crimson imp barely misses you.
The centaur hits you!
You hit the centaur but do no damage.
The centaur is moderately wounded.
You constrict the crimson imp. The centaur hits you. The crimson imp hits you.
The centaur misses you.
You hit the centaur.
The centaur is heavily wounded.
You constrict the crimson imp. The centaur misses you.
The crimson imp hits you.
* * * LOW HITPOINT WARNING * * *
You closely miss the centaur.
The centaur is heavily wounded.
You constrict the crimson imp. The centaur hits you!
* * * LOW HITPOINT WARNING * * *
The crimson imp hits you but does no damage.
The centaur hits you!
You die...
Fedhas appreciates your contribution to the ecosystem.

#.......##.##.#
#f##.##.#...#.#
#.#f..#...(...#
#....ff.#...#.# ###
#.#.ff.....##.## ..#
#.##.#...(.(...# ..#
#.........#(##.# ..#
##.##......(.#.#
..#####.#...#...@...#
...fff........#.c5#.#
..#####.#...#.##.##.#
..# #.##.##..... #
### #.. ......##.
.#.. ..... . ... . ..
. .... ... . .## #


You could see a centaur, a crimson imp and 4 friendly wandering mushrooms.

Vanquished Creatures
  2 phantoms
  A centaur (D:6)
  An ogre (D:4)
  An iguana (D:5)
  A crimson imp (D:3)
  An orange rat (D:6)
  A worker ant (D:6)
  2 orc wizards
  A hound skeleton (D:4)
  3 green rats (D:6)
  2 gnolls (D:5)
  3 adders
  A giant mite (D:7)
  A worm (D:3)
  6 grey rats (D:6)
  An iguana skeleton (D:6)
  3 giant eyeballs
  A giant gecko (D:6)
  2 oozes
  6 orcs
  12 bats
  2 giant cockroaches
  14 goblins
  14 hobgoblins
  24 jackals
  2 quokkas (D:3)
  A giant cockroach zombie (D:5)
  4 giant newts
  8 kobolds
  31 rats
152 creatures vanquished.

Vanquished Creatures (collateral kills)
  The ghost of M4edhros the Sneak, an average OpMo (D:3)
  A sky beast (D:4)
  A phantom (D:4)
  A centaur (D:5)
  2 ogres
  A gnoll sergeant (D:7)
  A jelly (D:5)
  A hound (D:5)
  A worker ant (D:4)
  4 gnolls
  An adder (D:2)
  An orc (D:5)
  A giant cockroach (D:4)
  A hobgoblin (D:7)
  A quokka (D:3)
  3 rats (D:6)
22 creatures vanquished.

Vanquished Creatures (others)
  2 wandering mushrooms (D:5)
  An orc wizard (D:7)
  An orc (D:7)
  A giant spore (D:7)
  64 toadstools
69 creatures vanquished.

Grand Total: 243 creatures vanquished

Notes
Turn   | Place    | Note
--------------------------------------------------------------
     0 | D:1      | M4edhros, the Octopode Monk, began the quest for the Orb.
     0 | D:1      | Reached XP level 1. HP: 16/16 MP: 1/1
   118 | D:1      | Reached XP level 2. HP: 15/21 MP: 2/2
   433 | D:1      | Reached XP level 3. HP: 17/26 MP: 3/3
  1190 | D:3      | Reached XP level 4. HP: 28/31 MP: 4/4
  1412 | D:3      | Reached skill level 5 in Stealth
  1537 | D:4      | Found a blossoming altar of Fedhas.
  1553 | D:4      | Noticed a phantom
  1564 | D:4      | Became a worshipper of Fedhas Madash
  1564 | D:4      | Acquired Fedhas' first power
  1564 | D:4      | Acquired Fedhas' second power
  2207 | D:3      | Noticed M4edhros' ghost (average OpMo)
  2222 | D:3      | Killed M4edhros' ghost
  2222 | D:3      | Reached skill level 1 in Invocations
  2222 | D:3      | Reached XP level 5. HP: 23/36 MP: 4/6
  2520 | D:3      | Reached XP level 6. HP: 36/42 MP: 8/8
  2677 | D:4      | Acquired Fedhas' third power
  2957 | D:4      | Killed a phantom
  2957 | D:4      | Reached skill level 6 in Stealth
  2957 | D:4      | Reached skill level 5 in Unarmed Combat
  3096 | D:4      | Noticed a phantom
  3128 | D:4      | Killed a phantom
  3136 | D:4      | Noticed a sky beast
  3223 | D:4      | Reached XP level 7. HP: 46/46 MP: 11/11
  3242 | D:4      | Killed a sky beast
  3302 | D:4      | Paralysed by a giant eyeball for 2 turns
  3404 | D:5      | Entered Level 5 of the Dungeon
  3510 | D:5      | Reached skill level 5 in Dodging
  3540 | D:5      | Gained mutation: You have a fast metabolism. [potion of mutation]
  3540 | D:5      | Gained mutation: You are partially covered in thin metallic scales (AC +2). [potion of mutation]
  3540 | D:5      | Gained mutation: You possess an exceptional clarity of mind. [potion of mutation]
  3630 | D:5      | Reached skill level 7 in Stealth
  3630 | D:5      | Reached XP level 8. HP: 37/52 MP: 14/14
  4262 | D:6      | Reached skill level 5 in Invocations
  5011 | D:6      | Acquired Fedhas' fourth power
  5152 | D:6      | Gained mutation: Your muscles are strong. (Str +2) [potion of beneficial mutation]
  5410 | D:7      | Found a staircase to the Ecumenical Temple.
  5416 | D:7      | Gained mutation: You are frail (-10% HP). [potion of mutation]
  5416 | D:7      | Gained mutation: Your body is misshapen. [potion of mutation]
  5472 | D:7      | Found a basalt altar of Yredelemnul.
  5566 | D:7      | Found an ancient bone altar of Kikubaaqudgha.
  5705 | D:7      | Slain by a centaur

Action                   |  1- 3 |  4- 6 |  7- 9 || total
-------------------------+-------+-------+-------++-------
Melee: Unarmed           |    88 |   111 |   170 ||   369
Invok: Evolution         |       |     2 |     5 ||     7
       Sunlight          |       |       |     2 ||     2
  Use: Scroll            |     2 |    11 |     5 ||    18
       Potion            |       |     8 |     9 ||    17
 Stab: Distracted        |     2 |       |       ||     2
       Sleeping          |    12 |    13 |    17 ||    42
       Confused          |       |       |     1 ||     1
